 Dungeon Crawl Stone Soup version 0.19-a0-45-g2c295ea (webtiles) character file.

46 Zhenya25pyc the Shield-Bearer (level 3, -1/23 HPs)
             Began as a Gargoyle Fighter on May 5, 2016.
             Slain by a jackal (2 damage)
             ... on level 2 of the Dungeon.
             The game lasted 00:02:15 (1288 turns).

Zhenya25pyc the Shield-Bearer (Gargoyle Fighter)    Turns: 1288, Time: 00:02:16

Health: -1/23      AC: 10    Str: 20    XL:     3   Next: 66%
Magic:  3/3        EV:  5    Int:  8    God:
Gold:   77         SH: 13    Dex:  9    Spells: 0 memorised, 2 levels left

rFire  . . .     SeeInvis .     a - +0 flail
rCold  . . .     Gourm    .     b - +0 scale mail
rNeg   + . .     Faith    .     h - +0 large shield
rPois  ∞         Spirit   .     (no helmet)
rElec  +         Dismiss  .     (no cloak)
rCorr  .         Reflect  .     (no gloves)
SustAt .         Harm     .     (no boots)
MR     .....                    (no amulet)
Stlth  ..........               (no ring)
                                e - ring of wizardry

@: not resistant to hostile enchantments, extremely unstealthy
A: negative energy resistance 1, electricity resistance, unbreathing,
petrification resistance, rot immunity, AC +3
a: no special abilities


You were on level 2 of the Dungeon.
You were hungry.

You visited 1 branch of the dungeon, and saw 2 of its levels.

You collected 77 gold pieces.

Inventory:

Hand Weapons
 a - a +0 flail (weapon)
Armour
 b - a +0 scale mail (worn)
 h - a +0 large shield (worn)
Jewellery
 e - a ring of wizardry (left hand)
Scrolls
 c - a scroll of random uselessness {unknown}
 i - a scroll of remove curse {unknown}
 m - a scroll of identify {unknown}
Potions
 d - a potion of might
 g - a potion of degeneration {unknown}
 j - 2 potions of heal wounds {unknown}
 k - a potion of invisibility {unknown}
 l - a potion of flight {unknown}
 n - 2 potions of lignification {unknown}
 p - a potion of curing {unknown}
Comestibles
 f - 2 bread rations


   Skills:
 + Level 3.6 Fighting
 * Level 3.0 Maces & Flails
 + Level 3.5 Armour
 + Level 3.7 Shields


You had 2 spell levels left.
You didn't know any spells.

Dungeon Overview and Level Annotations

Branches:
Dungeon (2/15)

Altars:


Innate Abilities, Weirdness & Mutations

You are resistant to torment.
Your stone body is resilient (AC +3).
You are immune to poison.
You resist negative energy.
You are resistant to electric shocks.
You can survive without breathing.
You are immune to petrification.
You are immune to rotting.


Message History

You closely miss the hobgoblin.
The hobgoblin is lightly wounded.
You block the jackal's attack. You block the goblin's attack.
You block the hobgoblin's attack. You block the jackal's attack.
The goblin hits you but does no damage.
You closely miss the hobgoblin.
The hobgoblin is lightly wounded.
You block the jackal's attack. The hobgoblin barely misses you.
You block the goblin's attack. The jackal barely misses you.
The hobgoblin hits you but does no damage.
Your shield prevents you from hitting the hobgoblin.
The hobgoblin is lightly wounded.
The jackal bites you but does no damage.
The goblin barely misses you. You block the hobgoblin's attack.
The jackal bites you but does no damage.
You hit the hobgoblin.
You kill the hobgoblin!
The goblin hits you but does no damage. You block the jackal's attack.
The goblin hits you but does no damage. The jackal bites you.
You die...

........#....#
.............#. .[.
...................
....).......# .....
.......†....# .....
............##.....
............#......
..######†hg........
###@#........
#...†).......
########.....#......
.............##(....
#####.......##.....
###..................
##....................
####..##.........#######.
................##


You could see a jackal and a goblin.

Vanquished Creatures
  An adder (D:2)
  A worm (D:2)
  2 giant geckos (D:2)
  A ball python (D:1)
  2 giant cockroaches
  A goblin (D:1)
  A hobgoblin (D:2)
  7 jackals (D:2)
  3 bats (D:1)
  2 giant newts (D:1)
  6 kobolds
  3 rats
30 creatures vanquished.

Notes
Turn   | Place    | Note
--------------------------------------------------------------
     0 | D:1      | Zhenya25pyc the Gargoyle Fighter began the quest for the Orb.
     0 | D:1      | Reached XP level 1. HP: 14/14 MP: 1/1
   449 | D:1      | Reached XP level 2. HP: 19/19 MP: 2/2
  1008 | D:2      | Reached XP level 3. HP: 20/23 MP: 3/3
  1282 | D:2      | HP: 1/23 [jackal (1)]
  1288 | D:2      | Slain by a jackal

Vault maps used:
D:1:      dpeg_arrival_shrine, serial_corexii_hall, corexii_hall_statues_i,
          corexii_hall_statues_i
D:2:      uniq_crazy_yiuf_cottage

Skill      XL: |  1  2  3 |
---------------+----------+-----
Maces & Flails | 3 |  3.0
Fighting       | |  3.6
Armour         | |  3.5
Shields        | |  3.7

Action                   || total
-------------------------++-------
Melee: Flail             ||   154
  Eat: Chunk             ||     1
Armor: Scale mail        ||   173
Dodge: Dodged            ||    62
Block: Large shield      ||   195
